AoeStats
← cuuu

Arabia

505333831Analyzed
1v1 RM · 23d ago on Sep 8, 2026· 40m 3s· 2 players
Game mode
Random Map
Map size
Tiny (2 player)
Population
200
Speed
Normal
Resources
Standard
Victory
Conquest
Starting age
Dark Age
Ending age
Imperial Age
RankedLock teamsTeams togetherTeam positionsShared explorationLock speedFull tech treeHidden civsTurbo modeCheats
Victory
Defeat
🇮🇹 Armenians · Italy
728
+18
🇩🇪 Bengalis · Germany
772
-18
giangiacomo91
8:36 Loom
12:18 Feudal Age
18:24 Castle Age
19:48 Fletching
23:17 Bodkin Arrow
25:44 Padded Archer Armor
26:04 Man-at-Arms
34:35 Bloodlines
34:35 Scale Barding Armor
34:40 Forging
36:39 Pikeman
cuuu
8:56 Loom
11:26 Feudal Age
12:12 Double-Bit Axe
13:57 Town Watch
14:38 Stone Mining
16:06 Bloodlines
19:31 Horse Collar
21:06 Scale Barding Armor
21:53 Wheelbarrow
24:36 Fletching
27:25 Castle Age
31:55 Paiks
34:17 Heavy Plow
Connection lost

Rejoining the realm…

Still unreachable

The connection could not be restored.

Session expired

The server has moved on; the page needs a fresh start.